 Dungeon Crawl Stone Soup version 0.22-a0-772-gac08f70 (webtiles) character file.

32 Mamutox the Ruffian (level 3, -1/35 HPs)
             Began as an Ogre Transmuter on July 17, 2018.
             Slain by a phantom (8 damage)
             ... on level 2 of the Dungeon on July 18, 2018.
             The game lasted 00:04:55 (1493 turns).

Mamutox the Ruffian (Ogre Transmuter)               Turns: 1493, Time: 00:04:55

Health: -1/35      AC:  2    Str: 14    XL:     3   Next: 25%
Magic:  10/16      EV: 19    Int: 14    God:
Gold:   74         SH:  0    Dex: 15    Spells: 1/7 levels left

rFire    . . .     SeeInvis .     - Unarmed
rCold    . . .     Gourm    .   (shield currently unavailable)
rNeg     . . .     Faith    .   (armour currently unavailable)
rPois    x         Spirit   .   (helmet currently unavailable)
rElec    .         Reflect  .   (cloak currently unavailable)
rCorr    .         Harm     .   (gloves unavailable)
MR       .....                  (boots unavailable)
Stlth    +.........             (no amulet)
HPRegen  0.11/turn              j - ring of magical power
MPRegen  0.15/turn              (no ring)

@: spider-form, very slightly contaminated
A: tiny, unfitting armour
a: End Transformation


You were on level 2 of the Dungeon.
You were not hungry.
You were a venomous arachnid creature.
You visited 1 branch of the dungeon, and saw 2 of its levels.

You collected 74 gold pieces.

Inventory:

Missiles
 a - 12 arrows (quivered)
 c - 9 poisoned needles
Armour
 b - a +0 robe (melded)
Jewellery
 j - a ring of magical power (left front leg)
Scrolls
 e - a scroll of noise {unknown}
 f - a scroll of remove curse {unknown}
 g - 3 scrolls of identify {unknown}
 h - a scroll of teleportation {unknown}
 m - a scroll of random uselessness {unknown}
Potions
 i - a potion of might {unknown}
 k - a potion of resistance {unknown}
 l - a potion of haste {unknown}
Comestibles
 d - 4 rations


   Skills:
 + Level 2.3 Fighting
 - Level 1.7 Dodging
 + Level 3.0 Unarmed Combat
 + Level 2.9 Spellcasting
 + Level 2.2 Transmutations


You had one spell level left.
You knew the following spells:

 Your Spells              Type           Power        Failure   Level  Hunger
a - Beastly Appendage     Tmut           #.....       22%         1    #......
s - Sticks to Snakes      Tmut           #.......     30%         2    ##.....
x - Spider Form           Tmut/Pois      #.........   61%         3    ###....

Your spell library contained the following spells:

 Spells                   Type           Power        Failure   Level  Hunger
 Blade Hands              Tmut           #.........   98%         5    ######.
 Ice Form                 Ice/Tmut       #.......     92%         4    #####..


Dungeon Overview and Level Annotations

Branches:
Dungeon (2/15)

Altars:


Innate Abilities, Weirdness & Mutations

You are too large for most types of armour.
((You have tough skin. (AC +1)))


Message History

You are too injured to fight recklessly!
A rat comes into view.
The rat moves out of view.
You miss the phantom.
The phantom is moderately damaged.
The phantom hits you!
* * * LOW HITPOINT WARNING * * *
Casting: Beastly Appendage (safe; 9% risk of failure)
Confirm with . or Enter, or press ? or * to list all spells.
You miscast Spider Form.
You are very lightly contaminated with residual magic.
Your vision is briefly tinged with green.
The phantom misses you.
Unknown command.
Casting: Spider Form (slightly dangerous; 38% risk of failure)
Confirm with . or Enter, or press ? or * to list all spells.
Your talons disappear.
You turn into a venomous arachnid creature.
Your +0 robe melds into your body.
The phantom hits you!
You die...

#.#...# ...
##########.#...# ..#
...........#...#...#
...........#...#...##
...<................#
.....>..............#
.....................
.![.......##W...#####
..........##s...#
############รท...#
###..##..# #...##
..... #.### .###.
###.# .# ######...##
#.........#
#.........#


You could see a phantom.

Vanquished Creatures
  2 dart slugs (D:1)
  A leopard gecko (D:2)
  4 bats
  3 giant cockroaches (D:1)
  2 goblins (D:1)
  2 hobgoblins (D:1)
  A frilled lizard (D:1)
  5 kobolds
  7 rats (D:1)
27 creatures vanquished.

Notes
Turn   | Place    | Note
-------+----------+-------------------------------------------
     0 | D:1      | Mamutox the Ogre Transmuter began the quest for the Orb.
     0 | D:1      | Reached XP level 1. HP: 19/19 MP: 3/3
   213 | D:1      | Reached XP level 2. HP: 24/28 MP: 3/5
   855 | D:1      | Reached XP level 3. HP: 33/35 MP: 5/7
   888 | D:1      | Reached skill level 3 in Unarmed Combat
  1277 | D:1      | Learned a level 2 spell: Sticks to Snakes
  1281 | D:1      | Learned a level 3 spell: Spider Form
  1471 | D:2      | Noticed a phantom
  1493 | D:2      | Slain by a phantom

Vault maps used:
D:1:      dpeg_arrival_shelter
D:2:      first_ration, lemuel_blue_sif_altar, uniq_sigmund, uniq_natasha

Skill      XL: |  1  2  3 |
---------------+----------+-----
Transmutations | 2 |  2.2
Fighting       | 2 |  2.3
Unarmed Combat | 3 |  3.0
Dodging        | |  1.7
Spellcasting   | |  2.9

Action                   || total
-------------------------++-------
Melee: Unarmed           ||   101
       Headbutt          ||     3
       Kick              ||     4
 Cast: Beastly Appendage ||    15
       Spider Form       ||     1
  Eat: Chunk             ||     2
Armor: Robe              ||    31
Dodge: Dodged            ||    83

Table legend:
 A = Spawn XP
 B = Non-spawn XP
 C = Spawn XP percentage of total XP
 D = Spawn monster count
 E = Non-spawn monster count
 F = Spawn count percentage of total count
 G = Total turns spent on level
                    A         B        C        D         E        F      G
               +---------+---------+-------+---------+---------+-------+---------
         Total |       0 |      46 |   0.0 |       0 |      27 |   0.0 |  1493
               +---------+---------+-------+---------+---------+-------+---------
           D:1 |       0 |      40 |   0.0 |       0 |      23 |   0.0 |  1379
           D:2 |       0 |       6 |   0.0 |       0 |       4 |   0.0 |   114
               +---------+---------+-------+---------+---------+-------+---------
